[Event "*** SCC Grand Prix: Titled Tuesday Blitz"]
[Site "Chess.com"]
[Date "2020.09.29"]
[Round "1"]
[White "Bigfish1995"]
[Black "Grieve72"]
[Result "1-0"]
[WhiteElo "3116"]
[BlackElo "2457"]
[TimeControl "180+1"]
[EndTime "10:05:54 PDT"]
[Termination "Bigfish1995 won by resignation"]

1. e4 c5 2. Nf3 e6 3. b3 Nc6 4. Bb2 d6 5. d4 cxd4 6. Nxd4 Nf6 7. Bd3 Be7 8. O-O O-O 9. c4 a6 10. Qe2 Qc7 11. Nxc6 bxc6 12. e5 dxe5 13. Bxe5 Bd6 14. Bxd6 Qxd6 15. Rd1 Qf4 16. g3 Qg5 17. Nc3 c5 18.
Ne4 Qe5 19. Nxf6+ gxf6 20. Qxe5 fxe5 21. Be4 Ra7 22. Rd6 Rc7 23. Rad1 f5 24. Bc6 Kf7 25. Bd7 Bxd7 26. Rxd7+ Rxd7 27. Rxd7+ Kf6 28. Rxh7 Rd8 29. Ra7 Rd6 30. Kf1 e4 31. Ke2 Ke5 32. h4 Kd4 33. h5 e5 34. Rf7 Kc3 35. Rxf5 Rd2+ 36. Ke3 Rxa2 37. h6 Rd2 38. Rh5 Rd8 39. h7 Rh8 40. Kxe4 Kxb3 41. Kxe5 a5 42. Kf6 a4 43. Kg7 Ra8 44.
h8=Q 1-0

[Event "*** SCC Grand Prix: Titled Tuesday Blitz"]
[Site "Chess.com"]
[Date "2020.09.29"]
[Round "1"]
[White "Sjakkerntobi"]
[Black "Kira170"]
[Result "0-1"]
[WhiteElo "2400"]
[BlackElo "2790"]
[TimeControl "180+1"]
[EndTime "10:05:55 PDT"]
[Termination "Kira170 won by resignation"]

1. e4 e6 2. d4 d5 3. Nc3 Nf6 4. e5 Nfd7 5. f4 c5 6. Nf3 Nc6 7. Be3 Qb6 8. Qd2 Qxb2 9. Rb1 Qa3 10. Nb5 Qxa2 11. Rd1 Rb8 12. f5 cxd4 13. Nfxd4 Bb4 14. Nc7+ Kd8 15. Bg5+ Kxc7 16. Nb5+ Kb6 17. Be3+ Ka5 18. c3 Qxd2+ 19. Bxd2 Bc5 20. Ra1+ Kb6 21. Rb1 a6 22. fxe6 fxe6 23. Nd4+ Ka7 24. Nxe6 Re8 25. Nxc5 Nxc5 26. Be3 Rxe5 27. Kd2 b6 28. Be2 Bf5 29. Ra1 Rbe8 30. Bxc5 Rxe2+ 0-1

[Event "*** SCC Grand Prix: Titled Tuesday Blitz"]
[Site "Chess.com"]
[Date "2020.09.29"]
[Round "1"]
[White "kleopl"]
[Black "jamalm2"]
[Result "1-0"]
[WhiteElo "2460"]
[BlackElo "1715"]
[TimeControl "180+1"]
[EndTime "10:06:00 PDT"]
[Termination "kleopl won by checkmate"]

1. c4 c6 2. Nc3 d5 3. e3 Nf6 4.
Nf3 Bf5 5. b3 e6 6. Bb2 Nbd7 7.
Be2 Bd6 8. O-O O-O 9. Rc1 dxc4 10. bxc4 e5 11. d4 e4 12. Nd2 Bg6 13. Re1 Re8 14.
g3 Nf8 15. Bf1 Qd7 16. Bg2 Bh5 17. Qc2 Bg6 18. Ndxe4 Nxe4 19. Bxe4 Bb4 20. Bxg6 Nxg6 21. Red1 Qh3 22. Ne2 Bd6 23. Kh1 Nh4 24. Rg1 Nf3 25. Rg2 Re6 26. Ng1 Nxg1 27. Rcxg1 Qg4 28. Qd1 Qe4 29. Qb1 Qf3 30. Qd1 Qe4 31. d5 Rh6 32. Qd4 Qf3 33. Qxg7# 1-0

[Event "*** SCC Grand Prix: Titled Tuesday Blitz"]
[Site "Chess.com"]
[Date "2020.09.29"]
[Round "1"]
[White "alexgo05"]
[Black "Rodalquilar"]
[Result "1-0"]
[WhiteElo "2421"]
[BlackElo "2792"]
[TimeControl "180+1"]
[EndTime "10:06:01 PDT"]
[Termination "alexgo05 won on time"]

1. e4 d5 2. exd5 Qxd5 3. Nc3 Qa5 4. Bc4 Nf6 5. d3 Bg4 6. f3 Bf5 7. Bd2 Qc5 8. b4 Qd6 9. b5 Nbd7 10. Nge2 Ne5 11. Bb3 e6 12. Bf4 Nh5 13. Be3 Be7 14. d4 Ng6 15. g4 Nh4 16. gxf5 Nxf3+ 17. Kf2 Nh4 18. Ng3 Nf6 19. Nce4 1-0

[Event "*** SCC Grand Prix: Titled Tuesday Blitz"]
[Site "Chess.com"]
[Date "2020.09.29"]
[Round "1"]
[White "AungTZ"]
[Black "Caterpiller35"]
[Result "0-1"]
[WhiteElo "2137"]
[BlackElo "2507"]
[TimeControl "180+1"]
[EndTime "10:06:01 PDT"]
[Termination "Caterpiller35 won by resignation"]

1. e4 c5 2. Nf3 Nc6 3. Bb5 g6 4.
O-O Bg7 5. c3 Nf6 6. Re1 O-O 7.
d4 d5 8. Bxc6 bxc6 9. e5 Ne4 10.
Nbd2 Bf5 11. Nxe4 dxe4 12. Ng5 cxd4 13. cxd4 c5 14. g4 Bc8 15. e6 Bxe6 16. Nxe6 fxe6 17. Rxe4 Bxd4 18. Bh6 Bxf2+ 19. Kh1 Qxd1+ 20. Rxd1 Rfd8 21. Rf1 Bd4 22. Rxe6 Bxb2 23. Rxe7 Re8 24. Rb7 Rab8 25. Rxa7 c4 26. Rff7 Bd4 27. Rad7 c3 28. Rxd4 Kxf7 29.
Rc4 Re2 0-1

[Event "*** SCC Grand Prix: Titled Tuesday Blitz"]
[Site "Chess.com"]
[Date "2020.09.29"]
[Round "1"]
[White "chessfrendz"]
[Black "CheckThis4"]
[Result "1-0"]
[WhiteElo "2315"]
[BlackElo "2597"]
[TimeControl "180+1"]
[EndTime "10:06:02 PDT"]
[Termination "chessfrendz won by resignation"]

1. d4 Nf6 2. Nf3 g6 3. c4 Bg7 4. Nc3 d5 5. cxd5 Nxd5 6. Bd2 Nb6 7. Bf4 O-O 8. e3 Bg4 9. Be2 Nc6 10. Rc1 Re8 11.
O-O Bxf3 12. Bxf3 e5 13. Bxc6 bxc6 14. dxe5 Qe7 15. Qf3 Qe6 16. b3 Rad8 17. Ne4 Nd5 18. Rc4 h6 19. Nf6+ Nxf6 20. exf6 Qxf6 21. Qxc6 Rd2 22.
Qxe8+ Kh7 23. Rxc7 g5 24. Rxf7 Qg6 25. Be5 1-0

[Event "*** SCC Grand Prix: Titled Tuesday Blitz"]
[Site "Chess.com"]
[Date "2020.09.29"]
[Round "1"]
[White "Misticpikachu"]
[Black "tdf98pantani"]
[Result "0-1"]
[WhiteElo "2298"]
[BlackElo "2612"]
[TimeControl "180+1"]
[EndTime "10:06:02 PDT"]
[Termination "tdf98pantani won on time"]

1. c4 c6 2. Nf3 d5 3. e3 Nf6 4. Nc3 e6 5. b3 Bd6 6. Bb2 O-O 7.
Qc2 c5 8. d4 cxd4 9. Nxd4 Nc6 10.
Nxc6 bxc6 11. Be2 Bb7 12. O-O Qe7 13. Bf3 Rad8 14. Rad1 Rfe8 15. Ne2 e5 16. Ng3 g6 17. Rd2 h5 18. h4 e4 19. Be2 Nd7 20. cxd5 cxd5 21. Rfd1 Ne5 22. Qc3 Rc8 23. Qd4 Bc5 24. Qa4 Qxh4 25. Bxe5 Rxe5 26. Qb5 Bb6 27. Rc1 Rxc1+ 28.
Nf1 Qf6 0-1

[Event "*** SCC Grand Prix: Titled Tuesday Blitz"]
[Site "Chess.com"]
[Date "2020.09.29"]
[Round "1"]
[White "Indianlad"]
[Black "fabianvivasz"]
[Result "1-0"]
[WhiteElo "2932"]
[BlackElo "2436"]
[TimeControl "180+1"]
[EndTime "10:06:04 PDT"]
[Termination "Indianlad won on time"]

1. c4 Nf6 2. g3 c5 3. Bg2 d5 4. cxd5 Nxd5 5. Nc3 Nc7 6. Qb3 Nc6 7. Bxc6+ bxc6 8. d3 e5 9. Nf3 f6 10. Be3 Be6 11.
Qc2 Nd5 12. O-O Nxe3 13. fxe3 Be7 14. b3 O-O 15. Rac1 Rb8 16. Ne4 Rb5 17. Nc3 Ra5 18. Nd2 f5 19. Nf3 Qd6 20. Rcd1 h6 21. e4 f4 22. gxf4 Rxf4 23. Kh1 Bh3 24. Rg1 Ra6 25.
Rg3 Be6 26. Rdg1 Bf6 27. e3 Rxf3 28. Rxf3 Kh7 29. Na4 Be7 30. Qg2 Bf8 31. Qg6+ Kh8 32.
Qe8 1-0

[Event "*** SCC Grand Prix: Titled Tuesday Blitz"]
[Site "Chess.com"]
[Date "2020.09.29"]
[Round "1"]
[White "MarkoPe"]
[Black "smshk35"]
[Result "1-0"]
[WhiteElo "2156"]
[BlackElo "2490"]
[TimeControl "180+1"]
[EndTime "10:06:04 PDT"]
[Termination "MarkoPe won by checkmate"]

1. e4 c5 2. Nf3 e6 3. d4 cxd4 4. Nxd4 a6 5. Bd3 Nc6 6. Be3 Nf6 7. O-O e5 8. Nb3 d5 9. N1d2 d4 10. Bg5 h6 11. Bh4 g5 12. Bg3 Bd6 13. Nc4 Bc7 14. a4 h5 15. h3 Be6 16. Nc5 Bc8 17. Rb1 Qe7 18. b4 Nxb4 19. Rxb4 Qxc5 20. Qb1 h4 21. Bh2 O-O 22. Qb2 Nd7 23. Rb1 Nb8 24. Qc1 Nc6 25. Qxg5+ Kh7 26. Qxh4+ Kg7 27. Qg5+ Kh7 28.
Qh4+ Kg6 29. R4b3 Be6 30. Be2 f6 31. Bh5+ Kh6 32. Be8+ Kg7 33. Rg3+ Bg4 34. Rxg4# 1-0

[Event "*** SCC Grand Prix: Titled Tuesday Blitz"]
[Site "Chess.com"]
[Date "2020.09.29"]
[Round "1"]
[White "AnkitGajwa"]
[Black "Funo09"]
[Result "0-1"]
[WhiteElo "2418"]
[BlackElo "2848"]
[TimeControl "180+1"]
[EndTime "10:06:05 PDT"]
[Termination "Funo09 won by checkmate"]

1. e4 c5 2. Nf3 Nf6 3. Nc3 d6 4. d4 cxd4 5. Nxd4 a6 6. Bg5 Nbd7 7. f4 g6 8. Qf3 Bg7 9. O-O-O Qc7 10. h4 h6 11. Bxf6 Nxf6 12. f5 O-O 13. g4 Nd7 14. Nd5 Qd8 15. g5 h5 16. Qe2 Ne5 17. Nf3 Bd7 18. Nxe5 Bxe5 19. Kb1 Rc8 20. Bg2 Rc5 21. Bf3 e6 22. fxe6 fxe6 23. Nb4 Qb6 24. Nd3 Bb5 25. b3 Qa5 26. c4 Bxc4 27. bxc4 Rxc4 28. Nc1 Rb4+ 29. Nb3 Rxb3+ 30. axb3 Qa1+ 31. Kc2 Qb2+ 32. Kd3 Qc3# 0-1

[Event "*** SCC Grand Prix: Titled Tuesday Blitz"]
[Site "Chess.com"]
[Date "2020.09.29"]
[Round "1"]
[White "OhanyanEminChess"]
[Black "maxsergej"]
[Result "1-0"]
[WhiteElo "2496"]
[BlackElo "2090"]
[TimeControl "180+1"]
[EndTime "10:06:05 PDT"]
[Termination "OhanyanEminChess won by resignation"]

1. e4 c5 2. Nf3 Nc6 3. Nc3 g6 4. d4 cxd4 5. Nxd4 Bg7 6. Be3 Nf6 7.
Nxc6 bxc6 8. e5 Nd5 9. Nxd5 cxd5 10. Qxd5 Rb8 11. O-O-O O-O 12. Bxa7 Rb7 13. Bd4 d6 14.
exd6 Qxd6 15. Qxd6 exd6 16. Bxg7 Kxg7 17. Rxd6 Be6 18. b3 Rc8 19. Bd3 Ra7 20. Kb2 Kf6 21. a4 Rb8 22. Ra1 Ke5 23. Rc6 Bd5 24. Re1+ Kd4 25.
Rd6 Kc5 26. Rxd5+ Kxd5 27. Kc3 Rc7+ 28. Bc4+ Kd6 29. Rd1+ Ke5 30. a5 Rbc8 31. a6 Ra7 32. Kb4 Rb8+ 33. Ka5 Rc7 34. Rd5+ Ke4 35. Rb5 Rbc8 36.
Bd5+ Kd4 37. Bb7 Rxc2 38. Bxc8 Rxc8 39. a7 Rc2 40. Ka6 Ra2+ 41. Ra5 1-0

[Event "*** SCC Grand Prix: Titled Tuesday Blitz"]
[Site "Chess.com"]
[Date "2020.09.29"]
[Round "1"]
[White "Zkid"]
[Black "Oligan22"]
[Result "1-0"]
[WhiteElo "2812"]
[BlackElo "2405"]
[TimeControl "180+1"]
[EndTime "10:06:08 PDT"]
[Termination "Zkid won by resignation"]

1. c4 e5 2. g3 d6 3. Bg2 f5 4.
Nc3 Nf6 5. d3 Be7 6. Nf3 O-O 7.
O-O Qe8 8. Rb1 a5 9. a3 Qh5 10. b4 axb4 11. axb4 Nc6 12. Nd5 Bd8 13. b5 Ne7 14.
Nxf6+ Rxf6 15. Bd2 f4 16. gxf4 exf4 17. Ra1 Rxa1 18.
Qxa1 Bh3 19. Bxh3 Qxh3 20. Kh1 Ng6 21. Rg1 Nh4 22. Nxh4 Qxh4 23. f3 Kf7 24. Bc3 Rg6 25.
Bxg7 Qf2 26. Rxg6 hxg6 27. Bh8 Ke6 28. Qg1 Qxe2 29. Qxg6+ Kd7 30. Qf5+ Ke8 31. Qe4+ Qxe4 32. fxe4 Kf7 33. Kg2 Bg5 34. Kf3 Kg6 35. Kg4 Bh6 36. h4 Kh7 37. Bd4 Kg6 38. Ba7 c6 39. Bb8 1-0

[Event "*** SCC Grand Prix: Titled Tuesday Blitz"]
[Site "Chess.com"]
[Date "2020.09.29"]
[Round "1"]
[White "MashaFromRussia"]
[Black "Zavgorodniy_Serg"]
[Result "1-0"]
[WhiteElo "2389"]
[BlackElo "2705"]
[TimeControl "180+1"]
[EndTime "10:06:08 PDT"]
[Termination "MashaFromRussia won by resignation"]

1. d4 Nf6 2. c4 e6 3. g3 Bb4+ 4.
Bd2 Qe7 5. Bg2 Nc6 6. Nf3 Bxd2+ 7. Nbxd2 d6 8. O-O O-O 9. e4 e5 10. d5 Nb8 11. Ne1 a5 12. Nd3 c6 13. Rc1 cxd5 14.
cxd5 b6 15. Qc2 Ba6 16. Qb1 Nbd7 17. Rc7 Rfc8 18. Rfc1 Rxc7 19. Rxc7 Qd8 20. Rc6 Nc5 21. Nxc5 bxc5 22. Bf1 Bb7 23. Bb5 Bxc6 24. dxc6 a4 25. Qd3 a3 26. bxa3 g6 27. a4 Kg7 28. Nc4 d5 29. exd5 Qxd5 30. Qxd5 Nxd5 31. Nxe5 Nc7 32. Kg2 f6 33. Nd7 c4 34. Nb6 Rb8 35. Nxc4 Nxb5 36. axb5 Rxb5 37. Nd6 Rc5 38. c7 1-0

[Event "*** SCC Grand Prix: Titled Tuesday Blitz"]
[Site "Chess.com"]
[Date "2020.09.29"]
[Round "1"]
[White "ViditYT"]
[Black "MF1966Idrisov"]
[Result "1-0"]
[WhiteElo "2704"]
[BlackElo "2364"]
[TimeControl "180+1"]
[EndTime "10:06:08 PDT"]
[Termination "ViditYT won on time"]

1. d4 d6 2. Nf3 Bg4 3. e4 Nd7 4. h3 Bxf3 5. Qxf3 e5 6. c3 Ngf6 7. Bd3 Be7 8. O-O O-O 9. Nd2 c6 10. Re1 Qc7 11. Nf1 Rfe8 12. Ng3 Nf8 13. Be3 Ng6 14.
Rad1 Rad8 15. Nf5 Bf8 16. Bg5 Re6 17. d5 Ree8 18. Bxf6 gxf6 19. Bc4 b5 20. Bb3 c5 21. g3 Kh8 22. Bc2 Bg7 23. h4 Ne7 24. Ne3 a5 25.
a4 b4 26. Bd3 bxc3 27. bxc3 Rb8 28. Bb5 Rg8 29. Kh2 Nc8 30. Qh5 Qe7 31. Nf5 Qf8 32. Rb1 Na7 33. Bc4 Rxb1 34. Rxb1 Qd8 35. Qxf7 1-0

[Event "*** SCC Grand Prix: Titled Tuesday Blitz"]
[Site "Chess.com"]
[Date "2020.09.29"]
[Round "1"]
[White "mr_gustavo"]
[Black "EvgenyRomanov"]
[Result "1-0"]
[WhiteElo "2318"]
[BlackElo "2578"]
[TimeControl "180+1"]
[EndTime "10:06:08 PDT"]
[Termination "mr_gustavo won by resignation"]

1. d4 d5 2. c4 dxc4 3. e3 b5 4. a4 b4 5. Bxc4 e6 6. Nf3 Nf6 7. O-O Be7 8. Nbd2 O-O 9. Qe2 Bb7 10. b3 Nbd7 11. Bb2 c5 12. Rfd1 Rc8 13. Rac1 cxd4 14. Nxd4 Nc5 15. N2f3 Qc7 16. Nb5 Qb6 17. Be5 Nfe4 18.
Nd2 a6 19. Nxe4 Nxe4 20. Nc7 Nc3 21. Qg4 g6 22. Nxe6 Rxc4 23. Qxc4 fxe6 24. Rd7 Bd5 25.
Rxe7 Bxc4 26. Rg7+ Kh8 27. Rxg6+ 1-0

[Event "*** SCC Grand Prix: Titled Tuesday Blitz"]
[Site "Chess.com"]
[Date "2020.09.29"]
[Round "1"]
[White "pavelalexandru07"]
[Black "GoltsevDmitry2000"]
[Result "0-1"]
[WhiteElo "2251"]
[BlackElo "2570"]
[TimeControl "180+1"]
[EndTime "10:06:09 PDT"]
[Termination "GoltsevDmitry2000 won by resignation"]

1. e4 c5 2. Nf3 e6 3. d4 cxd4 4. Nxd4 a6 5. c4 Qc7 6. Nc3 Nf6 7. a3 Nc6 8. Be3 Ne5 9. Be2 Nxc4 10. Bxc4 Qxc4 11. Rc1 Qc7 12. Ncb5 Qb8 13. Nc7+ Kd8 14.
Nxa8 Qxa8 15. f3 Qb8 16. Ne2 Bd6 17. Qc2 Ke7 18. f4 e5 19. f5 b6 20. Nc3 Bb7 21. O-O Rc8 22. Qd3 Bc6 23. Rfd1 Ng4 24. Nd5+ Bxd5 25.
Rxc8 Qxc8 26. Qxd5 Qc7 27. Bg5+ f6 28. Bh4 Ne3 29.
Qg8 Nxd1 30. Qxg7+ Ke8 31. Bxf6 Qc5+ 32. Kh1 0-1

[Event "*** SCC Grand Prix: Titled Tuesday Blitz"]
[Site "Chess.com"]
[Date "2020.09.29"]
[Round "1"]
[White "Tooweak2slow03"]
[Black "mamey78"]
[Result "1-0"]
[WhiteElo "2804"]
[BlackElo "2403"]
[TimeControl "180+1"]
[EndTime "10:06:10 PDT"]
[Termination "Tooweak2slow03 won by resignation"]

1. e4 e5 2. Nf3 Nc6 3. Bc4 Nf6 4. Ng5 d5 5. exd5 Na5 6. Bb5+ c6 7. dxc6 bxc6 8. Bd3 Ng4 9. Ne4 f5 10. Be2 h5 11. h3 Nh6 12. Bxh5+ Nf7 13. Ng3 Bc5 14. d3 Qh4 15. Bxf7+ Kxf7 16. Nc3 Bd7 17. Nce2 Rad8 18. Be3 Bxe3 19. fxe3 f4 20. exf4 exf4 21. O-O g5 22. Ne4 Bxh3 23. gxh3 Rdg8 24. Nf2 g4 25. Nxf4 Qg3+ 26.
Kh1 Qxf4 27. Ne4 Rxh3+ 28. Kg2 Rf3 29. Qd2 Qe5 30. Rae1 Rh8 31. Ng5+ Kg6 32. Rxe5 1-0

[Event "*** SCC Grand Prix: Titled Tuesday Blitz"]
[Site "Chess.com"]
[Date "2020.09.29"]
[Round "1"]
[White "Eliwood44"]
[Black "exoticprincess"]
[Result "0-1"]
[WhiteElo "2428"]
[BlackElo "2897"]
[TimeControl "180+1"]
[EndTime "10:06:11 PDT"]
[Termination "exoticprincess won by resignation"]

1. d4 d5 2. Nf3 c6 3. c4 Nf6 4. Qc2 g6 5. Nc3 Bg7 6. Bf4 O-O 7. e3 Bf5 8. Qb3 b6 9. h3 Ne4 10. cxd5 Nxc3 11. bxc3 cxd5 12. Ne5 Bxe5 13. Bxe5 Nc6 14. Bh2 Na5 15. Qb2 Rc8 16. Rc1 Nc4 17. Bxc4 Rxc4 18. O-O Qd7 19. Qa3 Rfc8 20. Bg3 h5 21. Rfe1 Ra4 22.
Qb3 Bd3 23. Qb2 Bc4 24. a3 Ra5 25. e4 dxe4 26. Rxe4 Bd5 27. Re5 f6 28. Re3 Kf7 29.
Rce1 e6 30. f4 Qb5 31. Qf2 Rxa3 32. f5 Ra2 33. fxe6+ Ke7 34. R3e2 Rxe2 35. Rxe2 Rxc3 36. Bd6+ Kxd6 37. e7 Bc6 38. Qxf6+ Kc7 39. Qe5+ Qxe5 40. Rxe5 Be8 41. Rd5 Re3 0-1

[Event "*** SCC Grand Prix: Titled Tuesday Blitz"]
[Site "Chess.com"]
[Date "2020.09.29"]
[Round "1"]
[White "sergiochess83"]
[Black "Snegokhod"]
[Result "1-0"]
[WhiteElo "2801"]
[BlackElo "2401"]
[TimeControl "180+1"]
[EndTime "10:06:11 PDT"]
[Termination "sergiochess83 won by resignation"]

1. e4 c5 2. Nf3 d6 3. d4 cxd4 4. Nxd4 Nf6 5. Nc3 a6 6. Be3 Ng4 7. Bg5 h6 8. Bh4 g5 9. Bg3 Bg7 10. h3 Ne5 11. Qd2 Nbc6 12. Nb3 Be6 13. O-O-O Nc4 14. Bxc4 Bxc4 15. Nd5 a5 16. Kb1 a4 17. Nc1 e6 18. Ne3 Ba6 19. Bxd6 Qb6 20. Ba3 Rd8 21. Nd3 Rd7 22. Rhe1 Kd8 23. Bc5 Qb5 24. c4 Qa5 25.
Qxa5+ Nxa5 26. Bb6+ Kc8 27. Bxa5 Bd4 28. Nb4 Bxe3 29.
fxe3 Bxc4 30. Rc1 b6 31. Rxc4+ Kb7 32. Bxb6 Kxb6 33. Kc2 Rhd8 34. Re2 Kb5 35. b3 axb3+ 36. Kxb3 Rd1 37. a4+ Ka5 38. Nc6+ Kb6 39. Nxd8 1-0

[Event "*** SCC Grand Prix: Titled Tuesday Blitz"]
[Site "Chess.com"]
[Date "2020.09.29"]
[Round "1"]
[White "dpopadic"]
[Black "cassoulet"]
[Result "0-1"]
[WhiteElo "2324"]
[BlackElo "2646"]
[TimeControl "180+1"]
[EndTime "10:06:11 PDT"]
[Termination "cassoulet won by resignation"]

1. e4 e6 2. Nf3 c5 3. Nc3 Nc6 4. Bb5 Nge7 5. d3 a6 6. Bxc6 Nxc6 7. O-O Be7 8. Re1 O-O 9. Bf4 d5 10. h3 b5 11. e5 b4 12. Ne2 a5 13. Kh1 Ba6 14.
Neg1 Rc8 15. Nh2 Bh4 16. Bg3 Bxg3 17. fxg3 Qg5 18. Ng4 h5 19. Nf3 Qg6 20. Nh4 Qh7 21. Nh2 f6 22. exf6 Rxf6 23. Rf1 Rcf8 24. Rxf6 Rxf6 25. Qe1 Nd4 26. Rc1 Qh6 27. N2f3 Ne2 28.
Rd1 Nd4 29. Nxd4 cxd4 30. Kg1 Bb7 31. Nf3 Qe3+ 32. Qxe3 dxe3 33. Re1 d4 34. Nxd4 e5 35. Nf3 Bxf3 36. gxf3 Rxf3 37. Re2 Rxg3+ 38. Kh2 h4 39. Rg2 Rf3 40. Re2 Kf7 41. c3 bxc3 42. bxc3 Ke6 43. d4 exd4 44. cxd4 Kd5 0-1

[Event "*** SCC Grand Prix: Titled Tuesday Blitz"]
[Site "Chess.com"]
[Date "2020.09.29"]
[Round "1"]
[White "renehp"]
[Black "ChessArchitect64"]
[Result "1-0"]
[WhiteElo "2470"]
[BlackElo "1986"]
[TimeControl "180+1"]
[EndTime "10:06:14 PDT"]
[Termination "renehp won by checkmate"]

1. e4 c5 2. Nf3 d6 3. d4 cxd4 4.
Nxd4 Nf6 5. Nc3 Nc6 6. Bc4 e6 7.
Be3 Be7 8. Qe2 O-O 9. O-O-O a6 10. Bb3 Qc7 11. g4 b5 12. g5 Ne8 13. Rhg1 b4 14.
Nd5 exd5 15. Nxc6 Bb7 16. Nxe7+ Qxe7 17. Bxd5 Bxd5 18. exd5 Qd7 19. h4 Qb5 20. Qg4 Rd8 21. h5 Qd7 22. Qd4 a5 23. h6 g6 24. Rge1 Qf5 25. Kb1 f6 26. f4 fxg5 27. fxg5 Rd7 28. b3 Rdf7 29. Qb6 Qd7 30. Qxa5 Qb7 31.
Qa4 Rf5 32. Qc6 Qxc6 33. dxc6 d5 34. Bc5 Nc7 35. Bxf8 Rxf8 36. Re7 Nb5 37. Kb2 Nc3 38.
Rde1 d4 39. Rg7+ Kh8 40. Ree7 Rd8 41. Rxh7+ Kg8 42. Reg7+ Kf8 43. Rh8# 1-0

[Event "*** SCC Grand Prix: Titled Tuesday Blitz"]
[Site "Chess.com"]
[Date "2020.09.29"]
[Round "1"]
[White "TheCavemanChesss"]
[Black "A-Fier"]
[Result "1-0"]
[WhiteElo "2440"]
[BlackElo "2846"]
[TimeControl "180+1"]
[EndTime "10:06:15 PDT"]
[Termination "TheCavemanChesss won by checkmate"]

1. e4 c5 2. Nf3 d6 3. d4 cxd4 4. Nxd4 Nf6 5. Nc3 a6 6. Bg5 e6 7.
f4 Be7 8. Qf3 Qc7 9. O-O-O Nbd7 10. g4 b5 11. Bxf6 Nxf6 12. g5 Nd7 13. f5 O-O 14. fxe6 fxe6 15. Nxe6 Rxf3 16. Nxc7 Rb8 17. h4 Ne5 18. a3 Bf8 19. Be2 Rf2 20. Rhf1 Rxf1 21. Rxf1 Bd7 22. Nxa6 Rb7 23. Nb4 h6 24. gxh6 g6 25. Nbd5 Bxh6+ 26. Kb1 Kg7 27. Rf6 Bd2 28.
Rxd6 Be1 29. h5 g5 30. h6+ Kh8 31. Nf6 Bxc3 32. bxc3 Rc7 33. Bxb5 g4 34. Bxd7 Nxd7 35. Nxd7 g3 36. Nf6 Rc8 37. Rd7 g2 38. Rh7# 1-0

[Event "*** SCC Grand Prix: Titled Tuesday Blitz"]
[Site "Chess.com"]
[Date "2020.09.29"]
[Round "1"]
[White "SergeyKarjakin"]
[Black "Piotrek1979"]
[Result "1-0"]
[WhiteElo "2963"]
[BlackElo "2447"]
[TimeControl "180+1"]
[EndTime "10:06:16 PDT"]
[Termination "SergeyKarjakin won by resignation"]

1. e4 c5 2. Nf3 Nc6 3. Bb5 g6 4. Nc3 Bg7 5. O-O d6 6. d3 e5 7. a3 Ne7 8. b4 O-O 9. bxc5 dxc5 10.
Bc4 h6 11. Nd5 Be6 12. Nxe7+ Qxe7 13. Bd5 Bxd5 14. exd5 Nd4 15. Rb1 b6 16. Nd2 Qd7 17. c3 Nf5 18. c4 Rae8 19. Bb2 h5 20. Re1 Nd4 21. a4 Bh6 22. Bxd4 exd4 23. Rxe8 Rxe8 24. Nf3 g5 25. g3 g4 26. Nh4 Bg5 27. Ng2 Qe7 28. Qb3 Qe2 29. Re1 Qxe1+ 30. Nxe1 Rxe1+ 31. Kg2 Re2 32. Kf1 Rd2 33. d6 Kg7 34. d7 Bd8 35. a5 Kf6 36. axb6 axb6 37. Qb1 b5 38. Ke1 1-0

[Event "*** SCC Grand Prix: Titled Tuesday Blitz"]
[Site "Chess.com"]
[Date "2020.09.29"]
[Round "1"]
[White "SRDR8290"]
[Black "Trovita84"]
[Result "1-0"]
[WhiteElo "2469"]
[BlackElo "1978"]
[TimeControl "180+1"]
[EndTime "10:06:16 PDT"]
[Termination "SRDR8290 won on time"]

1. d4 e6 2. c4 Nf6 3. Nc3 d5 4. Bg5 Be7 5. e3 O-O 6. Nf3 b6 7. Rc1 Bb7 8. Bxf6 Bxf6 9. cxd5 exd5 10. Bd3 c5 11. O-O Nc6 12. dxc5 bxc5 13. Na4 c4 14. Bb1 Qa5 15. b3 cxb3 16. axb3 Rfd8 17. Rc5 Qb4 18. Rxd5 Na5 19. Qd3 Bxd5 20. Qxh7+ Kf8 21. Nd4 Bxd4 22. Qh8+ Ke7 23. Qh4+ f6 24. exd4 Nxb3 25. Qg3 Qxa4 26. Qxg7+ Kd6 27. Qxf6+ Kc7 28. Bf5 Qxd4 29. Qe7+ Kb6 30. Rb1 Re8 31. Qd6+ Kb7 32. h3 1-0

[Event "*** SCC Grand Prix: Titled Tuesday Blitz"]
[Site "Chess.com"]
[Date "2020.09.29"]
[Round "1"]
[White "Alexander_Donchenko"]
[Black "aloe_normansen"]
[Result "1-0"]
[WhiteElo "2684"]
[BlackElo "2349"]
[TimeControl "180+1"]
[EndTime "10:06:17 PDT"]
[Termination "Alexander_Donchenko won by resignation"]

1. Nf3 Nf6 2. c4 g6 3. Nc3 Bg7 4. e4 d6 5. d4 O-O 6. Be2 e5 7.
dxe5 dxe5 8. Qxd8 Rxd8 9. Bg5 Re8 10. O-O-O Bg4 11. Nd5 Nxd5 12. cxd5 Bxf3 13. Bxf3 Nd7 14. Kb1 h6 15. Be3 Nf6 16. Rc1 Rac8 17. Bxa7 b6 18. Rc6 Nd7 19. Bg4 f5 20. exf5 Nf6 21. Be2 gxf5 22.
Rhc1 e4 23. Rxc7 Rxc7 24. Rxc7 Bf8 25. Bxb6 f4 26. Bc4 Bd6 27. Rc6 Be5 28. a4 Kg7 29. a5 Ng4 30. h3 Nf6 31. a6 Bb8 32. a7 Bxa7 33. Bxa7 e3 34. fxe3 fxe3 35. Re6 Rc8 36. b3 1-0

[Event "*** SCC Grand Prix: Titled Tuesday Blitz"]
[Site "Chess.com"]
[Date "2020.09.29"]
[Round "1"]
[White "MikeSailer"]
[Black "NuidisVulko"]
[Result "0-1"]
[WhiteElo "2070"]
[BlackElo "2493"]
[TimeControl "180+1"]
[EndTime "10:06:17 PDT"]
[Termination "NuidisVulko won by resignation"]

1. d4 Nf6 2. Bf4 c5 3. e3 d5 4.
Nc3 e6 5. Nf3 Be7 6. Be2 O-O 7.
O-O Nc6 8. h3 b6 9. Ne5 Nxe5 10.
Bxe5 Nd7 11. Bh2 Bb7 12. Bf3 a6 13. a4 Rc8 14. Qe2 Nf6 15. Rfd1 Bd6 16. Bxd6 Qxd6 17. e4 dxe4 18. Nxe4 Bxe4 19. Bxe4 cxd4 20. Bb7 Rc7 21.
Bxa6 e5 22. f3 Nd5 23. Bd3 Nf4 24. Qe4 f5 25. Qe1 Re7 26. Bc4+ Kh8 27. Qd2 Rf6 28. a5 bxa5 29. Rxa5 Re8 30. Kh1 Qc7 31. Rda1 Qxc4 32. Ra8 Rff8 33. Rxe8 Rxe8 34. Re1 h6 35. Qxf4 exf4 0-1

[Event "*** SCC Grand Prix: Titled Tuesday Blitz"]
[Site "Chess.com"]
[Date "2020.09.29"]
[Round "1"]
[White "awesomevishesh"]
[Black "rasmussvane"]
[Result "0-1"]
[WhiteElo "2427"]
[BlackElo "2891"]
[TimeControl "180+1"]
[EndTime "10:06:20 PDT"]
[Termination "rasmussvane won on time"]

1. e4 c6 2. Nf3 d5 3. d3 Bg4 4. Nbd2 e6 5. h3 Bh5 6. Qe2 Bd6 7. g3 Ne7 8. Bg2 O-O 9. O-O Nd7 10. Re1 e5 11. exd5 cxd5 12. c4 d4 13. Ne4 Bc7 14. b4 h6 15. Qc2 a5 16. Bd2 f5 17.
Nc5 Nxc5 18. bxc5 Nc6 19. Rab1 e4 20. dxe4 d3 21. Qa4 fxe4 22. Nh2 Qf6 23. Be3 d2 24. Rf1 Be2 25. Ng4 Qe6 26. Bxd2 Bxf1 27. Bxf1 Nd4 28. Bg2 h5 29. Ne3 Ne2+ 30. Kh2 Rxf2 31. Rxb7 Bxg3+ 32. Kh1 Qxh3+ 0-1

[Event "*** SCC Grand Prix: Titled Tuesday Blitz"]
[Site "Chess.com"]
[Date "2020.09.29"]
[Round "1"]
[White "Mostii"]
[Black "swimmerchess"]
[Result "0-1"]
[WhiteElo "2406"]
[BlackElo "2824"]
[TimeControl "180+1"]
[EndTime "10:06:21 PDT"]
[Termination "swimmerchess won by checkmate"]

1. d4 Nf6 2. Nf3 e6 3. g3 b5 4. Bg2 Bb7 5. O-O c5 6. b3 cxd4 7. Bb2 a6 8. Nxd4 Bxg2 9. Kxg2 Be7 10. e3 O-O 11. Nd2 Qc7 12. c4 Nc6 13. Nxc6 Qxc6+ 14. Qf3 Qb6 15. Bd4 Qa5 16. Rfd1 Rac8 17. a3 bxc4 18. Nxc4 Qb5 19. Bxf6 gxf6 20. Nd6 Bxd6 21. Rxd6 f5 22. b4 Rc3 23. Rad1 Rxa3 24. Rxd7 Qxb4 25. R7d4 Qe7 26. Rh4 Qf6 27. Rd7 Ra2 28. Ra7 Rd8 29. Rh5 Rdd2 30. h4 Rxf2+ 31. Qxf2 Rxf2+ 32. Kxf2 Qb2+ 33. Kg1 Qc1+ 34. Kg2 Qd2+ 35. Kh3 Qd1 36. Rg5+ Kf8 37. Ra8+ Ke7 38. Kh2 Qe2+ 39. Kh3 Qf1+ 40. Kh2 Qf2+ 41. Kh3 Qf3 42. Rgg8 Qh1# 0-1